 Dungeon Crawl Stone Soup version 0.31-a0-321-g19405a7a6a (webtiles) character file.

Game seed: 11509076807220930123

15976 olmar the Brawler (level 12, 0/86 HPs)
             Began as a Merfolk Shapeshifter on July 17, 2023.
             Was an Initiate of Gozag.
             Slain by a vampire mosquito (10 damage)
             ... on level 11 of the Dungeon.
             The game lasted 00:19:14 (14238 turns).

olmar the Brawler (Merfolk Shapeshifter)           Turns: 14238, Time: 00:19:14

Health: 0/86       AC:  6    Str: 26    XL:     12   Next: 32%
Magic:  12/12      EV: 14    Int:  8    God:    Gozag
Gold:   303        SH:  0    Dex: 13    Spells: 11/11 levels left

rFire   . .          .
                       - Unarmed
rCold   . . .        (shield currently unavailable)
rNeg    . . .        J - +1 ring mail of Melancholy {Rampage Fly Str+7 Dex-2}
rPois   .            (no helmet)
rElec   .            (no cloak)
rCorr   .            (gloves currently unavailable)
SInv    +            (no boots)
Will    .....        (no amulet)
Stlth   +            f - ring of see invisible
HPRegen 0.34/turn    g - +4 ring of protection
MPRegen 0.13/turn

%: rampage
@: blade hands, gold aura, flying
A: (nimble swimmer 2), mertail
a: Begin Untransformation, Renounce Religion, Potion Petition, Call Merchant,
Bribe Branch


You were on level 11 of the Dungeon.
You worshipped Gozag.
Gozag was aware of your devotion.
You had blades for hands.
You visited 2 branches of the dungeon, and saw 12 of its levels.

You collected 2330 gold pieces.
You spent 1960 gold pieces at shops.
You paid 67 gold pieces to Gozag.

Inventory:

Missiles
 j - 21 poisoned darts
 B - a boomerang
 C - 4 atropa-tipped darts
Armour
 a - a +0 animal skin
 w - a +2 leather armour of fire resistance
 x - a +0 cloak
 H - the +2 leather armour of Yromnono {Int+7 Dex-2 Stlth+}
   (You found it on level 8 of the Dungeon)

   Int:       It affects your intelligence (+7).
   Dex:       It affects your dexterity (-2).
   Stlth:     It makes you more stealthy.
 J - the +1 ring mail of Melancholy (worn) {Rampage Fly Str+7 Dex-2}
   (You bought it in a shop on level 9 of the Dungeon)

   Str:       It affects your strength (+7).
   Dex:       It affects your dexterity (-2).
   Fly:       It grants you flight.
   Rampage:   It bestows one free step when moving towards enemies.
Jewellery
 f - a ring of see invisible (left blade hand)
 g - a +4 ring of protection (right blade hand)
 i - a ring of ice
 L - a ring of poison resistance
Talismans
 c - a beast talisman
 A - a blade talisman
Wands
 p - a wand of paralysis (6) (quivered)
 q - a wand of mindburst (8)
 s - a wand of iceblast (10)
 z - a wand of flame (2)
 G - a wand of polymorph (6)
Scrolls
 e - 2 scrolls of brand weapon
 h - 2 scrolls of fear
 k - 3 scrolls of amnesia
 m - 4 scrolls of poison
 r - 3 scrolls of teleportation
 u - 2 scrolls of butterflies
 v - 3 scrolls of enchant weapon
 y - 3 scrolls of immolation
 D - 4 scrolls of vulnerability
 E - a scroll of fog
 F - 3 scrolls of revelation
 M - 3 scrolls of blinking
 N - 2 scrolls of enchant armour
 Q - a scroll of noise
 R - a scroll of acquirement {unknown}
 S - a scroll of silence
 U - a scroll of identify
Potions
 b - 2 potions of lignification
 d - a potion of resistance
 l - 5 potions of curing
 n - 3 potions of degeneration
 o - a potion of might
 t - 3 potions of mutation
 I - 2 potions of ambrosia
 O - 2 potions of enlightenment
 P - 4 potions of heal wounds
 T - a potion of brilliance {unknown}
Miscellaneous
 K - a condenser vane


   Skills:
 + Level 5.5 Fighting
 + Level 8.8 Dodging
 + Level 16.5 Unarmed Combat
 + Level 11.4 Shapeshifting


You had 11 spell levels left.
You didn't know any spells.
Your spell library contained the following spells:

 Spells                   Type           Power      Damage    Failure   Level
 Sting                    Tmut/Pois      0%         1d3       89%         1
 Cigotuvi's Dreadful Rot  Necr/Pois/Air  0%         N/A       95%         2
 Ensorcelled Hibernation  Hex/Ice        0%         N/A       95%         2
 Poisonous Vapours        Pois/Air       0%         N/A       95%         2
 Scorch                   Fire           0%         2d5       95%         2
 Ignite Poison            Fire/Tmut/Pois 0%         N/A       99%         3
 Anguish                  Hex/Necr       0%         N/A       100%        4
 Flame Wave               Conj/Fire      0%         2d4       100%        4
 Olgreb's Toxic Radiance  Pois           0%         N/A       100%        4
 Freezing Cloud           Conj/Ice/Air   0%         6-21      100%        5
 Iskenderun's Battlesphe  Conj           0%         2d6       100%        5
 Leda's Unmaking          Conj/Erth      0%         9d1       100%        6
 Summon Cactus Giant      Summ           0%         N/A       100%        6
 Spellforged Servitor     Conj/Summ      0%         N/A       100%        7


Dungeon Overview and Level Annotations

Branches:
Dungeon (11/15)            Temple (1/1) D:4            Lair (0/5) D:9
    Orc: D:9-12

Altars:
Ashenzari
Cheibriados
Dithmenos
Elyvilon
Fedhas
Gozag
Hepliaklqana
Kikubaaqudgha
Makhleb
Nemelex Xobeh
Okawaru
Qazlal
Ru
Sif Muna
Trog
Uskayaw
Vehumet
Wu Jian
Xom
Yredelemnul
Zin
The Shining One

Shops:
D:4 *   D:9 [??

Annotations:
D:4 1 runed translucent door, Crazy Yiuf
D:11 1 runed translucent door, Iniera's ghost, journeyman KoMo


Innate Abilities, Weirdness & Mutations

You have blades for hands.
Your spellcasting is less reliable in this form.
You are incapable of wielding weapons or throwing items.
((You are very nimble when in or above water. (Stealth+, EV+, Speed+++)))
Your lower body shifts to a powerful aquatic tail in water.


Message History

The vampire mosquito is moderately damaged.
The vampire mosquito misses you. The vampire mosquito bites you!
The vampire mosquito draws strength from your injuries!
The vampire mosquito bites you!
The vampire mosquito draws strength from your injuries!
The vampire mosquito barely misses you.
The vampire mosquito bites you but does no damage.
The vampire mosquito bites you!
The vampire mosquito draws strength from your injuries!
You closely miss the vampire mosquito.
The vampire mosquito is moderately damaged.
The vampire mosquito bites you!
The vampire mosquito draws strength from your injuries!
The vampire mosquito bites you!
The vampire mosquito draws strength from your injuries!
The vampire mosquito bites you!
The vampire mosquito draws strength from your injuries!
Unknown command.
The vampire mosquito bites you.
* * * LOW HITPOINT WARNING * * *
The vampire mosquito draws strength from your injuries!
The vampire mosquito is distracted by your dazzling golden aura.
The vampire mosquito misses you.
The vampire mosquito bites you but does no damage.
The vampire mosquito buzzes angrily.
The vampire mosquito attacks as you move away!
The vampire mosquito bites you!
* * * LOW HITPOINT WARNING * * *
The vampire mosquito draws strength from your injuries!
The vampire mosquito attacks as you move away!
The vampire mosquito closely misses you.
The vampire mosquito completely misses you.
The vampire mosquito bites you!
* * * LOW HITPOINT WARNING * * *
The vampire mosquito draws strength from your injuries!
The vampire mosquito attacks as you move away!
The vampire mosquito bites you but does no damage.
The vampire mosquito bites you!
You die...
Your body crumbles into a pile of gold.

.......#............#..........##
##.##..#.#..........#.##########
#.....................#
#..#.....#..........###
#...........###.##..#
#..#.......#.##.##..# ##
...#.##..#..##..##..# ..
...#.##..#..##.###.$#.#
...#.##.........@yy...#
...#.###.#...#####.y### ...#.#
#..(..# #..# ...#.#####...# #.##
.........<...# #.#
.#...........#####.#
.##..######........# .....#
#)###.#### .>...######.###.#


You could see 3 vampire mosquitoes.

Vanquished Creatures
  A frost giant (D:10)
  An ice dragon (D:10)
  Erica (D:10)
  Amaemon (D:8)
  Pikel (D:7)
  An ugly thing (D:10)
  Joseph (D:8)
  An ice statue (D:10)
  An orange demon (D:8)
  An unseen horror (D:11)
  Psyche (D:8)
  A kobold demonologist (D:9)
  A troll (D:11)
  A hornet (D:9)
  A slime creature (D:7)
  A shadow (D:11)
  16 yaks
  2 wraiths
  4 wyverns
  A basilisk (D:9)
  A vampire (D:11)
  A steam dragon (D:9)
  Eustachio (D:5)
  9 vampire mosquitoes
  Menkaure (D:7)
  2 acid dragons
  A water moccasin (D:6)
  2 orc warriors
  18 ice beasts
  A sky beast (D:8)
  2 black bears
  2 ogres
  4 centaurs
  A kobold brigand (D:11)
  A gnoll sergeant (D:9)
  2 bullfrogs
  5 wights
  3 scorpions
  3 howler monkeys (D:9)
  3 vampire bats (D:5)
  6 electric eels (D:10)
  An orc priest (D:4)
  3 hounds
  5 jellies
  A gnoll bouda (D:9)
  Ijyb (D:4)
  4 iguanas
  3 sleepcaps
  6 orc wizards
  A statue (D:10)
  18 gnolls
  14 adders
  A shadow imp (D:7)
  A white imp (D:7)
  An ufetubus (D:5)
  A worm (D:3)
  4 dart slugs
  27 orcs
  4 ball pythons
  13 bats
  2 endoplasms (D:4)
  2 giant cockroaches
  7 goblins
  10 hobgoblins
  4 quokkas
  2 frilled lizards
  9 kobolds
  9 rats
262 creatures vanquished.

Notes
Turn   | Place    | Note
-------+----------+-------------------------------------------
     0 | D:1      | olmar the Merfolk Shapeshifter began the quest for the Orb.
     0 | D:1      | Reached XP level 1. HP: 16/16 MP: 1/1
   164 | D:1      | Reached XP level 2. HP: 22/22 MP: 2/2
   787 | D:2      | Reached XP level 3. HP: 19/27 MP: 3/3
   800 | D:2      | Reached skill level 3 in Unarmed Combat
   809 | D:2      | Reached skill level 5 in Shapeshifting
   809 | D:2      | Reached XP level 4. HP: 13/33 MP: 4/4
  1628 | D:3      | Reached XP level 5. HP: 40/40 MP: 5/5
  1646 | D:3      | Reached skill level 4 in Unarmed Combat
  2307 | D:4      | Noticed Ijyb
  2317 | D:4      | Killed Ijyb
  2399 | D:4      | Found a staircase to the Ecumenical Temple.
  2465 | D:4      | Reached skill level 5 in Unarmed Combat
  2465 | D:4      | Reached XP level 6. HP: 20/47 MP: 6/6
  2468 | Temple   | Entered the Ecumenical Temple
  2477 | Temple   | Became a worshipper of Gozag Ym Sagoz the Greedy
  2834 | D:4      | Found Venekuh's Gadget Gallery.
  2840 | D:4      | Bought a wand of paralysis (3) for 72 gold pieces
  2840 | D:4      | Bought a wand of mindburst (6) for 84 gold pieces
  2886 | D:4      | Noticed a black bear
  2893 | D:4      | Killed a black bear
  2894 | D:4      | Reached XP level 7. HP: 37/52 MP: 7/7
  3042 | D:4      | Reached skill level 6 in Unarmed Combat
  3615 | D:4      | Found a runed translucent door.
  3616 | D:4      | Noticed Crazy Yiuf
  3914 | D:5      | Entered Level 5 of the Dungeon
  4079 | D:5      | Reached skill level 7 in Unarmed Combat
  4180 | D:5      | Noticed Eustachio
  4189 | D:5      | Killed Eustachio
  4190 | D:5      | Reached skill level 5 in Dodging
  4190 | D:5      | Reached XP level 8. HP: 58/58 MP: 8/8
  4739 | D:5      | Reached skill level 8 in Unarmed Combat
  5018 | D:4      | Bought a wand of flame (11) for 77 gold pieces
  5018 | D:4      | Bought a wand of paralysis (7) for 168 gold pieces
  5536 | D:6      | Reached skill level 9 in Unarmed Combat
  5877 | D:6      | Found a burning altar of Makhleb.
  5882 | D:6      | Found a shadowy altar of Dithmenos.
  6070 | D:6      | Reached XP level 9. HP: 65/65 MP: 9/9
  6305 | D:7      | Noticed Menkaure
  6310 | D:7      | Killed Menkaure
  6311 | D:7      | Reached skill level 10 in Unarmed Combat
  6502 | D:7      | Found a bloodstained altar of Trog.
  6570 | D:7      | Noticed Pikel
  6578 | D:7      | Killed Pikel
  6579 | D:7      | Reached skill level 11 in Unarmed Combat
  7148 | D:8      | Noticed Psyche
  7158 | D:8      | Killed Psyche
  7197 | D:8      | Noticed Amaemon
  7495 | D:8      | Reached skill level 12 in Unarmed Combat
  7495 | D:8      | Reached XP level 10. HP: 58/71 MP: 10/10
  7589 | D:8      | Noticed Joseph
  7604 | D:8      | Killed Joseph
  7749 | D:8      | Identified the +2 leather armour of Yromnono {Int+7 Dex-2
                  | Stlth+}
  7923 | D:8      | Reached skill level 13 in Unarmed Combat
  8021 | D:8      | Found a stormy altar of Qazlal.
  8055 | D:8      | Noticed an orange demon
  8318 | D:8      | Killed Amaemon
  8366 | D:8      | Killed an orange demon
  8457 | D:8      | Found a broken altar of Ashenzari.
  8655 | D:9      | Noticed a kobold demonologist
  8655 | D:9      | Found a staircase to the Lair.
  9121 | D:9      | Found Firugopa's Armour Shop.
  9127 | D:9      | Bought the +1 ring mail of Melancholy {Rampage Fly Str+7
                  | Dex-2} for 486 gold pieces
  9483 | D:9      | Reached skill level 14 in Unarmed Combat
  9483 | D:9      | Reached XP level 11. HP: 42/78 MP: 11/11
 10171 | D:9      | Found Xeus's Magic Scroll Shop.
 10185 | D:9      | Bought a scroll of identify for 26 gold pieces
 10185 | D:9      | Bought a scroll of identify for 26 gold pieces
 10185 | D:9      | Bought a scroll of identify for 26 gold pieces
 10185 | D:9      | Bought a scroll of revelation for 97 gold pieces
 10185 | D:9      | Bought a scroll of blinking for 97 gold pieces
 10185 | D:9      | Bought a scroll of butterflies for 52 gold pieces
 10214 | D:9      | Found Niengoca's Magic Scroll Shoppe.
 10214 | D:9      | Found Zianem's Magic Scroll Emporium.
 10803 | D:9      | Reached skill level 5 in Fighting
 11153 | D:9      | Bought a scroll of fear for 56 gold pieces
 11153 | D:9      | Bought a scroll of noise for 14 gold pieces
 11153 | D:9      | Bought a scroll of vulnerability for 56 gold pieces
 11196 | D:10     | Entered Level 10 of the Dungeon
 11211 | D:10     | Reached skill level 10 in Shapeshifting
 11240 | D:10     | HP: 3/79 [electric eel/bolt of electricity (10)]
 11757 | D:10     | Reached skill level 15 in Unarmed Combat
 11757 | D:10     | Noticed Erica
 11765 | D:10     | Killed Erica
 11866 | D:10     | Found an ornate altar of the Wu Jian Council.
 11937 | D:10     | Found a radiant altar of Vehumet.
 12089 | D:10     | Found a hide-covered altar of Uskayaw.
 12395 | D:10     | Found a hazy altar of Hepliaklqana.
 12481 | D:10     | Noticed a green ugly thing
 12521 | D:10     | Killed a green ugly thing
 12687 | D:10     | Noticed an ice dragon
 12695 | D:10     | Killed an ice dragon
 12696 | D:10     | Reached XP level 12. HP: 21/86 MP: 12/12
 12925 | D:10     | Noticed a frost giant
 12930 | D:10     | Reached skill level 16 in Unarmed Combat
 12936 | D:10     | Killed a frost giant
 13214 | D:9      | Bought a scroll of fog for 56 gold pieces
 13214 | D:9      | Bought a scroll of enchant armour for 105 gold pieces
 13214 | D:9      | Bought a scroll of amnesia for 56 gold pieces
 13214 | D:9      | Bought a scroll of immolation for 56 gold pieces
 13214 | D:9      | Bought a scroll of identify for 28 gold pieces
 13214 | D:9      | Bought a scroll of blinking for 105 gold pieces
 13216 | D:9      | Bought a scroll of silence for 133 gold pieces
 13218 | D:9      | Bought a scroll of teleportation for 42 gold pieces
 13218 | D:9      | Bought a scroll of teleportation for 42 gold pieces
 13557 | D:11     | Found an iron altar of Okawaru.
 14083 | D:11     | Found a runed translucent door.
 14083 | D:11     | Found a shimmering altar of Xom.
 14083 | D:11     | Noticed Iniera's ghost (journeyman KoMo)
 14238 | D:11     | Slain by a vampire mosquito

Illustrated notes

Levels and vault maps discovered:
D:1:      noname_arrival_rooms_in_the_neighbourhood, layout_loops_ring,
          corner_web_ring, minmay_pentomino_t2
D:2:      layout_basic
D:3:      layout_rooms, chequers_serial_rivers_micro_a
D:4:      cheibrodos_barr_body, layout_loops_corners, minmay_temple_entry_grid,
          nicolae_shop_gadgets, uniq_ijyb, uniq_crazy_yiuf_cottage
D:5:      layout_rooms, serial_aquarium, aquarium_bridge_square
          [aquarium_subvault_wall, aquarium_subvault_bridge,
          aquarium_subvault_wall, aquarium_subvault_wall], aquarium_window_3,
          aquarium_window_1, aquarium_window_fake, aquarium_window_2,
          aquarium_view_2b, aquarium_view_2b, aquarium_balcony_1b,
          roderic_batcave, hangedman_abyss_or_decor_jellyfish_corner,
          uniq_eustachio
D:6:      layout_basic, amethyst_overflow_temple_binary
D:7:      layout_loops_ring, trog_butcher_becter, minmay_small_thing,
          uniq_pikel, uniq_menkaure
D:8:      layout_basic, kennysheep_mini, ashenzari_conservatory_becter,
          uniq_amaemon, uniq_psyche, uniq_joseph
D:9:      layout_cave_pods, david_lair_generic, serial_shops, shop, shop, shop,
          shop
D:10:     minmay_twisted_water, layout_basic, lemuel_coloured_pillars_altar,
          mainiacjoe_overflow_24_doors, vehumet_statue,
          nicolae_uskayaw_murder_on_the_dancefloor, grunt_tough_drop, uniq_erica
D:11:     layout_loops_ring, ebering_ghost_xom, okawaru_gym_becter
Temple:   cyrus_circular_temple

Skill      XL: |  1  2  3  4  5  6  7  8  9 10 11 12 |
---------------+-------------------------------------+-----
Unarmed Combat | 3 5 7 9 12 14 15 16 | 16.5
Shapeshifting  | 5 6 7 9 11 | 11.4
Dodging        | 3 4 5 6 7 8 |  8.8
Fighting       | 3 4 5 |  5.5

Action                     |  1- 3 |  4- 6 |  7- 9 | 10-12 || total
---------------------------+-------+-------+-------+-------++-------
  Melee: Unarmed           |    57 |   145 |   191 |   326 ||   719
         Punch             |     1 |     3 |    13 |    18 ||    35
         Tailslap          |       |     1 |       |       ||     1
  Throw: Dart              |       |     3 |    18 |       ||    21
  Evoke: Wand              |       |     7 |    30 |    20 ||    57
         Condenser vane    |       |       |       |     1 ||     1
    Use: Scroll            |     2 |     3 |     3 |     7 ||    15
         Potion            |     1 |     1 |       |     5 ||     7
   Stab: Sleeping          |       |     1 |     2 |     1 ||     4
         Distracted        |       |     1 |     1 |       ||     2
         Paralysed         |       |       |     9 |    10 ||    19
         Invisible         |       |       |       |     2 ||     2
 Armour: Animal skin       |     7 |    37 |    19 |       ||    63
         Leather armour    |       |       |    22 |    12 ||    34
         Ring mail         |       |       |       |    33 ||    33
  Dodge: Dodged            |    38 |    85 |    93 |   143 ||   359
   Form: Blade             |       |       |     1 |       ||     1

Table legend: (Time is in decaauts)
 A = Elapsed time spent in this place.
 B = Non-inter-level travel time spent in this place.
 C = Inter-level travel time spent in this place.
 D = Time resting spent in this place.
 E = Time spent auto-exploring this place.
 F = Levels seen in this place.
 G = Mean time per level.
                   A        B        C        D        E       F      G
               +--------+--------+--------+--------+--------+-----+--------+
         Total |  14027 |  13331 |    696 |   3971 |   7482 |  12 | 1168.9 |
       Dungeon |  13916 |  13220 |    696 |   3877 |   7482 |  11 | 1265.1 |
        Temple |    110 |    110 |      0 |     94 |      0 |   1 |  110.0 |
               +--------+--------+--------+--------+--------+-----+--------+

Top non-repeatable levels by time:
     D:9: 2401 daAuts
    D:10: 1868 daAuts
     D:4: 1762 daAuts
     D:8: 1619 daAuts
     D:5: 1165 daAuts
     D:7: 1028 daAuts
     D:6: 959 daAuts
    D:11: 935 daAuts
     D:1: 760 daAuts
     D:3: 750 daAuts
     D:2: 665 daAuts
  Temple: 110 daAuts
